 Dungeon Crawl Stone Soup version 0.29.0-4-gdea44cf6ec (webtiles) character file.

Game seed: 3159335179889419096

25 qw the Chopper (level 2, 0/26 HPs)
             Began as a Minotaur Fighter on Sept 6, 2022.
             Succumbed to their own poison gas
             ... on level 1 of the Dungeon.
             The game lasted 00:00:25 (1028 turns).

qw the Chopper (Minotaur Fighter)                   Turns: 1028, Time: 00:00:25

Health: 0/26       AC: 11    Str: 20    XL:     2   Next: 82%
Magic:  1/1        EV:  5    Int:  5    God:
Gold:   40         SH:  4    Dex:  9    Spells: 1/1 levels left

rFire   . . .      SeeInvis .   Y - +0 war axe (protect)
rCold   . . .      Faith    .   c - +0 buckler
rNeg    . . .      Spirit   .   h - +0 plate armour
rPois   .          Reflect  .   (helmet restricted)
rElec   .          Harm     .   (no cloak)
rCorr   .          Rampage  .   (no gloves)
Will    .....                   (no boots)
Stlth   ..........              (no amulet)
HPRegen 0.08/turn               (no ring)
MPRegen 0.07/turn               (no ring)

@: lethally poisoned (0 -> -7)
A: horns 2, retaliatory headbutt
a: no special abilities


You were on level 1 of the Dungeon.
You visited 1 branch of the dungeon, and saw 1 of its levels.

You collected 40 gold pieces.


Innate Abilities, Weirdness & Mutations

You have a pair of horns on your head.
You reflexively headbutt those who attack you in melee.


   Skills:
 - Level 3.6 Fighting
 + Level 4.2 Axes
 - Level 3.6 Armour
 - Level 3.6 Shields


You had one spell level left.
You didn't know any spells.
Your spell library was empty.

Inventory:

Hand Weapons
 j - a +0 whip
 Y - a +0 war axe of protection (weapon)
Armour
 c - a +0 buckler (worn)
 h - a +0 plate armour (worn)
Potions
 d - a potion of might
 f - a potion of heal wounds {unknown}
 g - a potion of curing {unknown}

Dungeon Overview and Level Annotations

Branches:
Dungeon (1/15)

Altars:


Message History

1022 ||| DROPPING scroll of butterflies.
You drop a scroll of butterflies.
Your butterfly is engulfed in poison gas.
Your butterfly is poisoned.
You kill your butterfly!
Your butterfly disappears in a burst of colours!
Your butterfly is engulfed in poison gas.
Your butterfly is poisoned.
You kill your butterfly!
Your butterfly disappears in a burst of colours!
Your butterfly is engulfed in poison gas.
Your butterfly is poisoned.
You kill your butterfly!
Your butterfly disappears in a burst of colours!
Your butterfly is engulfed in poison gas.
Your butterfly is poisoned.
You kill your butterfly!
Your butterfly disappears in a burst of colours!
Done exploring.
(D) Dungeon
Where to? (* - list waypoints, ? - help)
What level of the Dungeon? (default 1, ? - help) Sorry, I don't know how to get there.
Done exploring.
1023 ||| Stepping randomly (stuck).
Really walk into that cloud of poison gas?
You are engulfed in poison gas.
You are poisoned.
You feel very sick.
1024 ||| Stepping ~*~*~tactically~*~*~ (cloud).
You feel very sick.
Things that are here:
a scroll of butterflies; a ring of wizardry
There is a lethal amount of poison in your body!
You feel very sick.
There is a lethal amount of poison in your body!
You feel very sick.
There is a lethal amount of poison in your body!
You feel sick.
There is a lethal amount of poison in your body!
You die...

##...##.#
#.######## #
#.#..##.# #¤# #
##.##....# #¤# #
#.######## #¤# #
### ##.###### #¤#
# ..# ##}...}# #0#
# #.# #..>..# #0#
#.# #.....####¤#
#.#####..<..#¤0.@#
#.....#}...}######
############# #.#
#.# #.########
#........#
#..#...#.# ###
#........# #..


There were no monsters in sight!

Vanquished Creatures
  2 bats (D:1)
  2 endoplasms (D:1)
  2 giant cockroaches (D:1)
  4 goblins (D:1)
  2 hobgoblins (D:1)
  A quokka (D:1)
  3 ball pythons (D:1)
  3 kobolds (D:1)
  3 rats (D:1)
22 creatures vanquished.

Notes
Turn   | Place    | Note
-------+----------+-------------------------------------------
     0 | D:1      | qw the Minotaur Fighter began the quest for the Orb.
     0 | D:1      | Reached XP level 1. HP: 19/19 MP: 0/0
     0 | D:1      | 0 ||| qw: Version: 0.1-a-107-g9ff403c
     0 | D:1      | 0 ||| qw: Game counter: 6053
     0 | D:1      | 0 ||| qw: Always use a shield: true
     0 | D:1      | 0 ||| qw: God list: Ru
     0 | D:1      | 0 ||| qw: Allow faded altars: false
     0 | D:1      | 0 ||| qw: Do Orc after D:15 true
     0 | D:1      | 0 ||| qw: Do second Lair branch before Depths: true
     0 | D:1      | 0 ||| qw: Lair rune preference: random
     0 | D:1      | 0 ||| qw: Plans: Normal
     0 | D:1      | 0 ||| PLANNING D:1-11
   225 | D:1      | Reached skill level 3 in Axes
   434 | D:1      | Reached XP level 2. HP: 26/26 MP: 1/1
   437 | D:1      | 437 ||| UPGRADING to +0 plate armour.
   447 | D:1      | 447 ||| DROPPING +0 scale mail.
   560 | D:1      | 560 ||| Stepping ~*~*~tactically~*~*~ (stealth).
   561 | D:1      | 561 ||| DROPPING +0 club.
   730 | D:1      | Reached skill level 4 in Axes
  1017 | D:1      | 1017 ||| DROPPING ring of wizardry.
  1018 | D:1      | 1018 ||| READING scroll labelled XAPSECAWIX.
  1019 | D:1      | 1019 ||| READING 2 scrolls labelled GORHIMI WARAI.
  1020 | D:1      | 1020 ||| READING scroll of brand weapon.
  1020 | D:1      | 1020 ||| BRANDING +0 war axe of venom.
  1021 | D:1      | 1021 ||| READING 2 scrolls labelled QUDAGI XION.
  1022 | D:1      | 1022 ||| DROPPING scroll of butterflies.
  1023 | D:1      | 1023 ||| Stepping randomly (stuck).
  1024 | D:1      | 1024 ||| Stepping ~*~*~tactically~*~*~ (cloud).
  1025 | D:1      | HP: 5/26 [poisoned by you (poison gas)]
  1027 | D:1      | HP: 1/26 [poisoned by you (poison gas)]
  1028 | D:1      | Succumbed to their own poison gas

Levels and vault maps discovered:
D:1:      amcnicky_arrival_gap_in_the_tavern_cellar, layout_loops_corners,
          serial_glass, glass_columns_b, glass_columns_c

Skill      XL: |  1  2 |
---------------+-------+-----
Axes           | 3 4 |  4.2
Fighting       | |  3.6
Armour         | |  3.6
Shields        | |  3.6

Action                   || total
-------------------------++-------
Melee: War axe           ||    50
       Headbutt          ||     3
  Use: Scroll            ||     4
Armor: Scale mail        ||     6
       Plate armour      ||    19
Dodge: Dodged            ||    12
Block: Buckler           ||     7

Table legend:
 A = Non-vault XP
 B = Vault XP
 C = Vault XP percentage of total XP
 D = Non-vault monster count
 E = Vault monster count
 F = Vault count percentage of total count
                 A         B        C        D         E       F
            +---------+---------+-------+---------+---------+-------
      Total |      36 |       0 |   0.0 |      22 |       0 |   0.0
            +---------+---------+-------+---------+---------+-------
        D:1 |      36 |       0 |   0.0 |      22 |       0 |   0.0
            +---------+---------+-------+---------+---------+-------
